AoeStats
← THL

Oasis

508586675Analyzed
3v3 RM · 9d ago on Sep 23, 2026· 29m 56s· 6 players
Game mode
Random Map
Map size
Normal (6 player)
Population
200
Speed
Normal
Resources
Standard
Victory
Conquest
Starting age
Dark Age
Ending age
Imperial Age
RankedLock teamsTeams togetherTeam positionsShared explorationLock speedFull tech treeHidden civsTurbo modeCheats
Victory
Defeat
🇹🇼 Poles · Taiwan
1562
+14
🇻🇳 Italians · Vietnam
1546
+15
🇨🇳 Huns · China
1468
+18
🇨🇦 Saxons · Canada
1611
-19
🇺🇸 Danes · United States
1565
-18
🇺🇸 Aztecs · United States
1372
-10
randy pan
6:53 Loom
9:15 Feudal Age
9:23 Man-at-Arms
14:03 Fletching
21:50 Castle Age
19:58 Double-Bit Axe
20:06 Horse Collar
20:47 Scale Mail Armor
20:57 Town Watch
21:53 Crossbowman
22:29 Bodkin Arrow
Maverick
7:40 Loom
9:35 Feudal Age
10:08 Double-Bit Axe
10:15 Loom
13:39 Forging
16:06 Scale Mail Armor
19:31 Wheelbarrow
23:08 Castle Age
21:14 Horse Collar
23:19 Eagle Warrior
24:27 Chain Mail Armor
25:23 Squires
28:40 Sanctity
30:06 Gold Mining
JawolopingChris
5:04 Loom
9:42 Feudal Age
9:56 Man-at-Arms
22:06 Castle Age
20:36 Scale Mail Armor
21:29 Double-Bit Axe
23:11 Chain Mail Armor
23:16 Gambesons
26:38 Squires
自娱自乐
9:44 Feudal Age
8:11 Loom
10:30 Double-Bit Axe
10:29 Horse Collar
21:14 Castle Age
20:26 Bloodlines
20:42 Scale Barding Armor
21:14 Forging
21:17 Light Cavalry
24:31 Chain Barding Armor
25:41 Husbandry
27:36 Gold Mining
29:07 Iron Casting
elmor
4:52 Loom
10:03 Feudal Age
12:31 Double-Bit Axe
14:26 Horse Collar
16:01 Fletching
17:25 Padded Archer Armor
22:52 Castle Age
21:09 Gold Mining
23:53 Bodkin Arrow
THL
6:58 Loom
9:20 Feudal Age
11:29 Double-Bit Axe
16:18 Fletching
23:07 Castle Age
21:13 Horse Collar
21:58 Gold Mining
25:06 Bodkin Arrow
24:36 Crossbowman
25:57 Bow Saw
27:35 Padded Archer Armor
29:42 Ballistics
30:29 Wheelbarrow
Connection lost

Rejoining the realm…

Still unreachable

The connection could not be restored.

Session expired

The server has moved on; the page needs a fresh start.